 Dungeon Crawl Stone Soup version 0.19-a0-1821-g42c593c (webtiles) character file.

21 JeffiDaFish the Vexing (level 2, 0/19 HPs)
             Began as a Vampire Enchanter on Oct 5, 2016.
             Slain by a goblin
             ... wielding a +3 dagger of protection
              (3 damage)
             ... on level 1 of the Dungeon on Oct 6, 2016.
             The game lasted 00:05:10 (1082 turns).

JeffiDaFish the Vexing (Vampire Enchanter)          Turns: 1082, Time: 00:05:13

Health: 0/19       AC:  4    Str:  7    XL:     2   Next: 65%
Magic:  14/14      EV: 13    Int: 17    God:
Gold:   20         SH:  0    Dex: 14    Spells: 2 memorised, 2 levels left

rFire  . . .     SeeInvis +     a - +1 dagger
rCold  + . .     Gourm    .     b - +2 robe
rNeg   + + .     Faith    .     (no shield)
rPois  +         Spirit   .     (no helmet)
rElec  .         Dismiss  .     (no cloak)
rCorr  .         Reflect  .     (no gloves)
MR     .....     Harm     .     (no boots)
Stlth  ++++......               (no amulet)
                                g - ring of magical power
                                f - ring of wizardry

@: regenerating slowly
A: fangs 3, see invisible, unbreathing
a: no special abilities


You were on level 1 of the Dungeon.
You were thirsty.

You visited 1 branch of the dungeon, and saw 2 of its levels.

You collected 20 gold pieces.

Inventory:

Hand Weapons
 a - a +1 dagger (weapon)
Armour
 b - a +2 robe (worn)
Jewellery
 f - a ring of wizardry (left hand)
 g - a ring of magical power (right hand)
Potions
 d - 7 potions of blood
 e - a potion of brilliance
 h - a potion of cure mutation
 i - a potion of curing
Books
 c - a book of Maledictions

   Spells                             Type                      Level
   a - Corona                         Hexes                        1
   b - Ensorcelled Hibernation        Hexes/Ice                    2
   c - Confuse                        Hexes                        3
   d - Tukima's Dance                 Hexes                        3
   e - Dazzling Spray                 Conjuration/Hexes            3


   Skills:
 + Level 0.1 Fighting
 + Level 1.5 Short Blades
 + Level 2.4 Dodging
 + Level 4.7 Stealth
 * Level 2.1 Spellcasting
 + Level 4.8 Hexes
 + Level 0.2 Ice Magic


You had 2 spell levels left.
You knew the following spells:

 Your Spells              Type           Power        Failure   Level  Hunger
a - Corona                Hex            ###....      1%          1    #......
b - Ensorcelled Hibernat  Hex/Ice        ##....       4%          2    ###....


Dungeon Overview and Level Annotations

Branches:
Dungeon (2/15)

Altars:

Annotations:
D:1 Sigmund


Innate Abilities, Weirdness & Mutations

You heal slowly.
You have razor-sharp teeth.
You have supernaturally acute eyesight. (SInv)
You can survive without breathing.


Message History

The goblin misses you. Sigmund barely misses you. The rat barely misses you.
You climb upwards.
There is a stone staircase leading down here.
The goblin closely misses you. The rat bites you but does no damage.
You climb downwards.
The quokka barely misses you.
There is a stone staircase leading up here.
The quokka closely misses you. Sigmund gestures at you while chanting.
You resist with significant effort.
The goblin hits you with a dagger of protection.
The quokka barely misses you. The rat bites you.
You climb upwards.
There is a stone staircase leading down here.
You are feeling thirsty.
Sigmund hits you from afar with a scythe of freezing!
* * * LOW HITPOINT WARNING * * *
Sigmund freezes you.
* * * LOW HITPOINT WARNING * * *
The goblin hits you with a dagger of protection.
You die...

#......<......#..#
###########.
#.#.###.###.#.##.#
#...#)...
......#.#......#.#
#.###....
###.#.#.#.#.####.# #.#
#....
..#.........#....# #.#
#....
#.###.#.#.###.#..# #.#
####. #...#.....#
#.#..# #.# #.
....#.###.# #.#..# #.#
#. #.#.###
#####.#.@#####
#.######. ..#.#
#...g>r...# #.#......
....# #)..r.@...#
#.#......
############.........#
#.#......
...........).........#
#.#......
.#...................#
#.....##.
.#...................##
#.....##.
.#....................#
#.....##.
.#....................#
#.#..###.


You could see Sigmund, a quokka, a goblin and a rat.

Vanquished Creatures
  2 dart slugs (D:1)
  A ball python (D:1)
  2 giant cockroaches (D:1)
  3 goblins (D:1)
  2 hobgoblins (D:1)
  2 bats (D:1)
  3 frilled lizards (D:1)
  A rat (D:1)
16 creatures vanquished.

Notes
Turn   | Place    | Note
-------+----------+-------------------------------------------
     0 | D:1      | JeffiDaFish the Vampire Enchanter began the quest for the Orb.
     0 | D:1      | Reached XP level 1. HP: 13/13 MP: 3/3
   292 | D:1      | Reached XP level 2. HP: 19/19 MP: 5/5
   360 | D:1      | Upgraded the game from 0.19-a0-1815-g4007336 to 0.19-a0-1821-g42c593c
   363 | D:1      | Learned a level 2 spell: Ensorcelled Hibernation
  1075 | D:2      | Noticed Sigmund
  1082 | D:1      | Slain by a goblin

Vault maps used:
D:1:      roderic_chinese_lattice_arrival, roderic_lattice_a
D:2:      amethyst_killhole, minivault_26, grunt_dithmenos_smoke_and_mirrors,
          uniq_natasha, uniq_sigmund

Action                   || total
-------------------------++-------
Melee: Dagger            ||    52
       Bite              ||     3
  Use: Scroll            ||     3
       Potion            ||     3
 Stab: Sleeping          ||     5
Armor: Robe              ||    17
Dodge: Dodged            ||    28
